 Dungeon Crawl Stone Soup version 0.32-a0-928-g1cae6b7ea0 (webtiles) character file.

Game seed: 17971438308350433491

123 MachoJfn the Chiller (level 4, 0/19 (30) HPs)
             Began as a Demonspawn Ice Elementalist on Apr 12, 2024.
             Killed from afar by Ijyb (1 damage)
             ... with a bolt of acid
             ... on level 3 of the Dungeon.
             The game lasted 00:11:53 (3065 turns).

MachoJfn the Chiller (Demonspawn Ice Elementalist)  Turns: 3065, Time: 00:11:53

HP:   0/19 (30)     AC: 11    Str:  9    XL:     4   Next: 80%
MP:   2/8           EV: 11    Int: 17    God:
Gold: 99            SH:  0    Dex: 13    Spells: 2/9 levels left

rFire   . . .        d - +0 trident (protect)
rCold   + . .        (no shield)
rNeg    . . .        a - +0 robe
rPois   .            (no helmet)
rElec   .            (no cloak)
rCorr   .            c - +0 pair of gloves
SInv    .            (no boots)
Will    .....        (no amulet)
Stlth   ++           r - ring of protection from cold
HPRegen 0.23/turn    n - ring of wizardry
MPRegen 0.11/turn

%: wizardry (x1)
@: ice-armoured, freezing walls, very heavily drained
A: thin metallic scales 1, foul stench 1
a: no special abilities


You were on level 3 of the Dungeon.
You visited 1 branch of the dungeon, and saw 3 of its levels.

You collected 99 gold pieces.

Inventory:

Hand Weapons
 d - a +0 trident of protection (weapon)
Missiles
 e - 27 stones
Armour
 a - a +0 robe (worn)
 c - a +0 pair of gloves (worn)
 g - a +0 plate armour
Magical Staves
 i - a staff of fire
Jewellery
 n - a ring of wizardry (right hand)
 r - a ring of protection from cold (left hand)
 t - a ring of protection from fire
Scrolls
 h - 2 scrolls of identify
 j - a scroll of fear
 k - a scroll of vulnerability
 o - a scroll of enchant weapon {unknown}
 q - a scroll of torment {unknown}
Potions
 f - 4 potions of attraction
 l - a potion of curing
 m - a potion of brilliance
 p - a potion of heal wounds
 s - a potion of enlightenment {unknown}


   Skills:
 + Level 0.1 Fighting
 * Level 1.0 Polearms
 + Level 2.0 Dodging
 + Level 2.0 Stealth
 + Level 0.5 Unarmed Combat
 + Level 3.2 Spellcasting
 + Level 4.4 Ice Magic


You had 2 spell levels left.
You knew the following spells:

 Your Spells              Type           Power      Damage    Failure   Level
a - Freeze                Ice            68%        1d8       1%          1
b - Frozen Ramparts       Ice            34%        1d6       3%          3
c - Ozocubu's Armour      Ice            17%        N/A       3%          3

Your spell library contained the following spells:

 Spells                   Type           Power      Damage    Failure   Level
 Summon Ice Beast         Ice/Summ       10%        N/A       9%          3


Dungeon Overview and Level Annotations

Branches:
Dungeon (3/15)

Altars:

Annotations:
D:3 Ijyb


Innate Abilities, Weirdness & Mutations

You are partially covered in thin metallic scales. (AC +2)
You may rarely emit foul miasma when damaged in melee.


Message History

Confirm with . or Enter, or press ? or * to list all spells.
Casting: Frozen Ramparts (quite dangerous; 3% risk of failure)
Press: ? - help, Dir - look around, f - activate The walls around you are covered in ice.
Ijyb resists.
The wall freezes Ijyb.
Ijyb zaps a wand.
The bolt of acid hits you!
Ouch! That really hurt!
* * * LOW HITPOINT WARNING * * *
Casting: Frozen Ramparts (quite dangerous; 3% risk of failure)
Confirm with . or Enter, or press ? or * to list all spells.
Aiming: Freeze (safe; 1% risk of failure)
Press: ? - help, Shift-Dir - straight line, f - Ijyb
Aim: Ijyb, wielding a +4 dagger of draining, wearing a +0 scale mail of cold resistance and carrying a wand of acid (severely wounded)
You freeze Ijyb.
Ijyb resists.
Ijyb is severely wounded.
The wall freezes Ijyb but does no damage.
Ijyb completely misses you.
Casting: Freeze (safe; 1% risk of failure)
Confirm with . or Enter, or press ? or * to list all spells.
Aiming: Freeze (safe; 1% risk of failure)
Press: ? - help, Shift-Dir - straight line, f/p - Ijyb
Aim: Ijyb, wielding a +4 dagger of draining, wearing a +0 scale mail of cold resistance and carrying a wand of acid (severely wounded)
You freeze Ijyb.
Ijyb resists.
Ijyb is almost dead.
The wall freezes Ijyb but does no damage.
Ijyb hits you with a +4 dagger of draining.
* * * LOW HITPOINT WARNING * * *
You feel drained.
* * * LOW HITPOINT WARNING * * *
Casting: Freeze (safe; 1% risk of failure)
Confirm with . or Enter, or press ? or * to list all spells.
Aiming: Freeze (safe; 1% risk of failure)
Press: ? - help, Shift-Dir - straight line, f/p - Ijyb
Aim: Ijyb, wielding a +4 dagger of draining, wearing a +0 scale mail of cold resistance and carrying a wand of acid (almost dead)
You freeze Ijyb.
Ijyb resists.
Ijyb is almost dead.
The wall freezes Ijyb but does no damage.
Ijyb zaps a wand.
The bolt of acid hits you.
You die...
Ijyb moans, "Good help so hard to find!"

#####.........)..#ß##ß##ß#.#
#.....########.#...........#
#.##### ##.####ß##ß##ß#.# #.#
#.## #########.# #.#
##.###.#.##.#.#.# #.#
##.#.......#.#.# #.# ##..#
##....#)#
#.##############g###.....#.#
................@#.........#
#.##########.......#........#
..# #..♣♣♣..##...###.# ..#
#.♣# #♣.....## .# ...# #.♣
♣...#.# .# .#.# #.♣# ♣.#.#.#
.# .#.#########..♣♣♣..#.#.#
.# .#.##...>.)............#
.# .#.##.#######.###.## ##


You could see Ijyb.

Vanquished Creatures
  Jessica (D:3)
  2 adders (D:2)
  3 dart slugs
  A ribbon worm (D:2)
  6 orcs (D:3)
  2 endoplasms
  4 giant cockroaches
  6 goblins
  5 hobgoblins (D:1)
  2 jackals (D:1)
  4 quokkas
  6 ball pythons
  10 bats
  5 frilled lizards
  2 kobolds
  4 rats
63 creatures vanquished.

Notes
Turn   | Place    | Note
-------+----------+-------------------------------------------
     0 | D:1      | MachoJfn the Demonspawn Ice Elementalist began the quest
                  | for the Orb.
     0 | D:1      | Reached XP level 1. HP: 13/13 MP: 3/3
   173 | D:1      | Gained mutation: You may rarely emit foul miasma when
                  | damaged in melee. [demonic ancestry]
   173 | D:1      | Reached XP level 2. HP: 5/19 MP: 3/5
   248 | D:1      | Reached skill level 4 in Ice Magic
   755 | D:1      | Reached XP level 3. HP: 24/24 MP: 3/6
   759 | D:1      | Learned a level 3 spell: Frozen Ramparts
  1511 | D:2      | Found a faded altar of an unknown god.
  1909 | D:2      | Gained mutation: You are partially covered in thin metallic
                  | scales. (AC +2) [demonic ancestry]
  1909 | D:2      | Reached XP level 4. HP: 30/30 MP: 8/8
  2290 | D:3      | Noticed Ijyb
  2499 | D:3      | Learned a level 3 spell: Ozocubu's Armour
  2733 | D:3      | Noticed Jessica
  2739 | D:3      | Killed Jessica
  2872 | D:3      | Reached skill level 1 in Polearms
  3065 | D:3      | Killed from afar by Ijyb

Illustrated notes

Levels and vault maps discovered:
D:1:      dpeg_arrival_rooms_c, layout_loops_ring, st_stairs_10
D:2:      layout_basic, basic_ecumenical_altar
D:3:      layout_loops_ring, serial_shops, nicolae_shop_back_alley_shop,
          minmay_stone_trees_small, amcnicky_mini_corridor_feature,
          corner_web_ring, uniq_crazy_yiuf_cottage, uniq_jessica, uniq_ijyb

Skill      XL: |  1  2  3  4 |
---------------+-------------+-----
Ice Magic      | 4 |  4.4
Spellcasting   | 3 |  3.2
Dodging        | 2 |  2.0
Stealth        | 2 |  2.0
Polearms       | 1 |  1.0
Fighting       | |  0.1
Unarmed Combat | |  0.5

Action                     |  1- 3 |  4- 6 || total
---------------------------+-------+-------++-------
  Melee: Unarmed           |    67 |       ||    67
         Punch             |     1 |       ||     1
         Trident           |    12 |    27 ||    39
   Cast: Freeze            |    57 |    17 ||    74
         Frozen Ramparts   |    10 |     5 ||    15
         Ozocubu's Armour  |       |     1 ||     1
    Use: Scroll            |     6 |     4 ||    10
         Potion            |       |     2 ||     2
   Stab: Sleeping          |     2 |       ||     2
 Armour: Robe              |    65 |    47 ||   112
  Dodge: Dodged            |    72 |    27 ||    99

Table legend: (Time is in decaauts)
 A = Elapsed time spent in this place.
 B = Non-inter-level travel time spent in this place.
 C = Inter-level travel time spent in this place.
 D = Time resting spent in this place.
 E = Time spent auto-exploring this place.
 F = Levels seen in this place.
 G = Mean time per level.
                   A        B        C        D        E       F      G
               +--------+--------+--------+--------+--------+-----+--------+
         Total |   3074 |   2930 |    144 |    335 |   1962 |   3 | 1024.7 |
       Dungeon |   3074 |   2930 |    144 |    335 |   1962 |   3 | 1024.7 |
               +--------+--------+--------+--------+--------+-----+--------+

Top non-repeatable levels by time:
     D:1: 1122 daAuts
     D:2: 1102 daAuts
     D:3: 848 daAuts
